AoeStats
← kV0t3

Arabia

507641891Analyzed
1v1 RM · 13d ago on Sep 19, 2026· 53m 52s· 2 players
Game mode
Random Map
Map size
Tiny (2 player)
Population
200
Speed
Normal
Resources
Standard
Victory
Conquest
Starting age
Dark Age
Ending age
Imperial Age
RankedLock teamsTeams togetherTeam positionsShared explorationLock speedFull tech treeHidden civsTurbo modeCheats
Victory
Defeat
🇦🇷 Maya · Argentina
1214
+16
1206
-16
twitch.tv/merusaking <4bis>
7:12 Loom
9:42 Feudal Age
10:18 Double-Bit Axe
13:38 Fletching
23:57 Castle Age
24:00 Crossbowman
24:36 Bodkin Arrow
25:06 Padded Archer Armor
29:03 Leather Archer Armor
28:47 Gold Mining
28:39 Horse Collar
29:43 Bow Saw
29:53 Scale Barding Armor
31:08 Wheelbarrow
39:33 Imperial Age
37:52 Ballistics
40:39 Conscription
40:18 Arbalester
42:36 Bracer
44:15 Thumb Ring
46:18 Scale Mail Armor
48:16 Chemistry
50:31 Chain Barding Armor
51:07 Husbandry
50:30 Light Cavalry
51:55 Forging
kV0t3
0:25 Loom
9:56 Feudal Age
9:59 Man-at-Arms
14:39 Wheelbarrow
14:41 Double-Bit Axe
21:16 Castle Age
19:11 Fletching
19:22 Padded Archer Armor
19:41 Horse Collar
20:06 Gold Mining
22:10 Bow Saw
22:02 Heavy Plow
22:08 Scale Mail Armor
23:23 Bodkin Arrow
35:53 Imperial Age
35:05 Leather Archer Armor
34:42 Stone Mining
36:06 Guard Tower
36:37 Ballistics
38:06 Keep
37:46 Bracer
42:29 Hand Cart
43:06 Stone Shaft Mining
44:19 Murder Holes
45:25 Chemistry
44:06 Treadmill Crane
46:10 Conscription
45:52 Hul'che Javelineers
45:21 Elite Skirmisher
48:51 Ring Archer Armor
48:37 Chain Mail Armor
48:33 Forging
47:44 Eagle Warrior
48:25 Squires
51:47 Plate Mail Armor
52:01 Iron Casting
53:39 Masonry
53:10 Pikeman
Connection lost

Rejoining the realm…

Still unreachable

The connection could not be restored.

Session expired

The server has moved on; the page needs a fresh start.